 Dungeon Crawl Stone Soup version 0.27.1-16-g815e20cd7a (webtiles) character file.

Game seed: 16779517830003619520

42 MisterFreud the Skirmisher (level 3, -3/24 (35) HPs)
             Began as a Hill Orc Abyssal Knight on Nov 23, 2021.
             Was a Follower of Lugonu.
             Slain by a kobold (4 damage)
             ... on level 2 of the Dungeon.
             The game lasted 00:02:12 (1897 turns).

MisterFreud the Skirmisher (HOAK)                   Turns: 1897, Time: 00:02:14

HP:   -3/24 (35)    AC:  3    Str: 15    XL:     3   Next: 54%
MP:   4/4           EV: 11    Int: 12    God:    Lugonu [*.....]
Gold: 50            SH:  0    Dex: 10    Spells: 2/2 levels left

rFire    . . .     SeeInvis .   a - +1 hand axe
rCold    . . .     Faith    .   (no shield)
rNeg     . . .     Spirit   .   b - +0 leather armour
rPois    .         Reflect  .   (no helmet)
rElec    .         Harm     .   (no cloak)
rCorr    .         Rampage  .   (no gloves)
Will     .....                  (no boots)
Stlth    +.........             (no amulet)
HPRegen  0.08/turn              (no ring)
MPRegen  0.09/turn              (no ring)

@: lethally poisoned (-3 -> -7), attractive, very heavily drained
A: no striking features
a: Renounce Religion, Depart the Abyss


You were on level 2 of the Dungeon.
You worshipped Lugonu.
Lugonu was aware of your devotion.
You visited 1 branch of the dungeon, and saw 2 of its levels.
You visited the Abyss 1 time.

You collected 50 gold pieces.

Inventory:

Hand Weapons
 a - a +1 hand axe (weapon)
Missiles
 c - 15 poisoned darts (quivered)
 e - 3 boomerangs
Armour
 b - a +0 leather armour (worn)
 d - a +0 kite shield
Scrolls
 f - a scroll of identify {unknown}
 g - a scroll of immolation {unknown}
 h - 2 scrolls of teleportation {unknown}


   Skills:
 + Level 4.8 Fighting
 + Level 3.2 Axes
 + Level 2.4 Armour
 + Level 1.1 Dodging
 + Level 2.4 Invocations


You had 2 spell levels left.
You didn't know any spells.
Your spell library contained the following spells:

 Spells                   Type           Power      Damage    Failure   Level
 Beastly Appendage        Tmut           0%         N/A       38%         1
 Wereblood                Tmut           0%         N/A       52%         2
 Spider Form              Tmut/Pois      0%         N/A       77%         3


Dungeon Overview and Level Annotations

Branches:
Dungeon (2/15)

Altars:


Message History

Press: ? - help, Q - select action, (/) - cycle Shift-Dir - straight line, f/p - kobold
Aim: a kobold, wielding a +2 whip of draining (severely wounded, 50% to hit)
You throw a poisoned dart.
The poisoned dart closely misses the kobold.
An adder comes into view.
The kobold hits you with a +2 whip of draining.
You feel drained.
Throw: 17 darts (poison)
Press: ? - help, Q - select action, (/) - cycle Shift-Dir - straight line, f/p - kobold
Aim: a kobold, wielding a +2 whip of draining (severely wounded, 50% to hit)
You throw a poisoned dart. The poisoned dart hits the kobold.
The kobold is poisoned.
The kobold is severely wounded.
The kobold hits you with a +2 whip of draining.
You feel drained.
The kobold hits you with a +2 whip of draining.
* * * LOW HITPOINT WARNING * * *
You feel drained.
* * * LOW HITPOINT WARNING * * *
The kobold hits you but does no damage.
You feel drained.
Throw: 16 darts (poison)
Press: ? - help, Q - select action, (/) - cycle Shift-Dir - straight line, f - adder, p - kobold
Aim: an adder (38% to hit)
You throw a poisoned dart. The poisoned dart hits the adder.
The adder is poisoned.
The adder bites you.
* * * LOW HITPOINT WARNING * * *
You are lethally poisoned!
The adder poisons you!
The kobold hits you with a +2 whip of draining.
* * * LOW HITPOINT WARNING * * *
You feel drained.
Unknown command.
It was a potion of attraction.
You feel attractive to monsters.
* * * LOW HITPOINT WARNING * * *
You feel sick. The adder barely misses you. The adder bites you.
* * * LOW HITPOINT WARNING * * *
The kobold hits you with a +2 whip of draining.
You die...

..#.#. ..#...
###.#.. ##.# .. ##
..## . ...##. .#
....... #.## ...##.#
#######...# ..## #
#@K(...(# ###
#S#####(..>#
#########.######.#.#
#.............##.# #
#.#######.#.#.....
#.# ##......##... #.
#.# #............#
#.##.#
#....#####...#
#.##.#####.#.......


You could see an adder (poisoned) and a kobold (poisoned).

Vanquished Creatures
  An adder (D:2)
  A dart slug (D:1)
  3 bats (D:1)
  2 endoplasms
  3 giant cockroaches (D:2)
  6 goblins
  2 hobgoblins
  2 quokkas (D:1)
  4 frilled lizards
  4 kobolds
  A rat (D:2)
29 creatures vanquished.

Notes
Turn   | Place    | Note
-------+----------+-------------------------------------------
     0 | Abyss:1  | MisterFreud the Hill Orc Abyssal Knight began the quest for
                  | the Orb.
     0 | Abyss:1  | Reached XP level 1. HP: 19/19 MP: 2/2
    32 | Abyss:1  | Noticed a tentacled starspawn
    33 | D:1      | Escaped the Abyss
   124 | D:1      | Reached skill level 1 in Dodging
   143 | D:1      | Reached skill level 4 in Fighting
   143 | D:1      | Reached XP level 2. HP: 23/27 MP: 3/3
   546 | D:1      | Reached * piety under Lugonu
  1309 | D:2      | Reached XP level 3. HP: 7/34 MP: 4/4
  1897 | D:2      | HP: 1/24 [adder (1)]
  1897 | D:2      | Slain by a kobold

Illustrated notes

Levels and vault maps discovered:
D:1:      saegor_arrival_simple_a, layout_basic
D:2:      layout_loops_ring, serial_shops, shop, uniq_terence,
          uniq_crazy_yiuf_cottage

Skill      XL: |  1  2 |
---------------+-------+-----
Dodging        | 1 |  1.1
Fighting       | 4 |  4.8
Axes           | 3 |  3.2
Armour         | |  2.4
Invocations    | |  2.4

Action                   || total
-------------------------++-------
Melee: Hand axe          ||    96
Throw: Dart              ||     8
Invok: Depart the Abyss  ||     1
  Use: Potion            ||     1
Armor: Leather armour    ||    28
Dodge: Dodged            ||    49
